 Dungeon Crawl Stone Soup version 0.30.1-9-gdf580d7c3d (webtiles) character file.

Game seed: 6456441718158265367

72744 fireball365 the Severer (level 15, -2/125 HPs)
             Began as a Hill Orc Fighter on Oct 20, 2023.
             Was an Initiate of Gozag.
             Killed from afar by a fire giant (28 damage)
             ... with a bolt of fire
             ... on level 1 of the Depths.
             The game lasted 00:45:42 (16015 turns).

fireball365 the Severer (Hill Orc Fighter)         Turns: 16015, Time: 00:45:45

Health: -2/125     AC: 29    Str: 30    XL:     15   Next: 41%
Magic:  15/15      EV: 14    Int: 11    God:    Gozag
Gold:   5168       SH: 12    Dex: 14    Spells: 14/14 levels left

rFire   . . .        e - +16 obsidian axe {drain, demonic, Mesm Drain Fly SInv}
rCold   . . .        b - +0 kite shield
rNeg    . . .        A - +7 plate armour {ponderous}
rPois   .            m - +0 helmet
rElec   .            (no cloak)
rCorr   .            W - +1 pair of gloves
SInv    +            U - +0 pair of boots
Will    +....        D - amulet of regeneration Stlth
                     p - +5 ring of evasion
HPRegen 1.20/turn    h - +6 ring of dexterity
MPRegen 0.14/turn

%: no passive effects
@: about to teleport, gold aura, flying, mesmerised, slow
A: clever 1, frail 1, screaming 1, shaggy fur 1, strong 1, evolution 1
a: Renounce Religion, Potion Petition, Call Merchant, Bribe Branch


You were on level 1 of the Depths.
You worshipped Gozag.
Gozag was greatly pleased with you.
You visited 3 branches of the dungeon, and saw 17 of its levels.
You also visited: Ossuary and Bailey.

You collected 6017 gold pieces.
You spent 762 gold pieces at shops.
You paid 87 gold pieces to Gozag.

Inventory:

Hand Weapons
 e - the +16 obsidian axe (weapon) {drain, demonic, Mesm Drain Fly SInv}
   (You acquired it on level 6 of the Dungeon)

   Mesm:      Its wielder is mesmerised by any visible foes, and it cannot be
   unequipped while any foes are visible.
   SInv:      It lets you see invisible.
   Fly:       It grants you flight.
   Drain:     It drains your maximum health when unequipped.
 L - a +5 heavy broad axe
Armour
 b - a +0 kite shield (worn)
 m - a +0 helmet (worn)
 x - a +0 pair of gloves
 z - a +0 plate armour
 A - a +7 plate armour of ponderousness (worn)
 U - a +0 pair of boots (worn)
 W - a +1 pair of gloves (worn)
Jewellery
 h - a +6 ring of dexterity (right hand)
 p - a +5 ring of evasion (left hand)
 D - an amulet of regeneration (around neck)
 I - a ring of protection from cold
 O - a ring of fire
Wands
 w - a wand of digging (5)
 R - a wand of charming (27)
 T - a wand of light (4)
 V - a wand of roots (3)
Scrolls
 a - a scroll of fog
 c - 4 scrolls of identify
 f - 3 scrolls of enchant armour
 g - a scroll of brand weapon
 j - 4 scrolls of poison
 k - 4 scrolls of noise
 q - 6 scrolls of torment
 s - 4 scrolls of fear
 y - 3 scrolls of immolation
 B - 2 scrolls of vulnerability
 C - 5 scrolls of amnesia
 F - 5 scrolls of teleportation
 G - 2 scrolls of silence
 H - 2 scrolls of magic mapping
 P - a scroll of blinking
 Q - a scroll of summoning
Potions
 d - 7 potions of might
 i - 16 potions of degeneration
 l - 2 potions of mutation
 n - 7 potions of lignification
 o - 3 potions of cancellation
 r - 2 potions of magic
 u - 7 potions of curing
 v - 2 potions of heal wounds
 E - 4 potions of haste
 J - a potion of brilliance
 K - 2 potions of resistance
 M - 2 potions of attraction
 S - a potion of berserk rage
Miscellaneous
 t - a phantom mirror
 N - a piece from Xom's chessboard (15/15)


   Skills:
 + Level 14.8 Fighting
 + Level 20.7 Axes
 + Level 13.2 Armour
 + Level 4.7 Dodging
 + Level 6.1 Stealth
 + Level 11.9 Shields


You had 14 spell levels left.
You didn't know any spells.
Your spell library contained the following spells:

 Spells                   Type           Power      Damage    Failure   Level
 Beastly Appendage        Tmut           0%         N/A       97%         1
 Foxfire                  Conj/Fire      0%         2x1d4     97%         1
 Kiss of Death            Conj/Necr      0%         2d5       97%         1
 Magic Dart               Conj           0%         1d3       97%         1
 Necrotise                Necr           0%         1d4       97%         1
 Call Imp                 Summ           0%         N/A       99%         2
 Ensorcelled Hibernation  Hex/Ice        0%         N/A       99%         2
 Passwall                 Tmut/Erth      0%         N/A       99%         2
 Scorch                   Fire           0%         2d5       99%         2
 Static Discharge         Conj/Air       0%         2-2/arc   99%         2
 Sublimation of Blood     Necr           0%         N/A       99%         2
 Wereblood                Tmut           0%         N/A       99%         2
 Confusing Touch          Hex            0%         N/A       100%        3
 Dazzling Flash           Conj/Hex       0%         N/A       100%        3
 Hailstorm                Conj/Ice       0%         3d3       100%        3
 Ignite Poison            Fire/Tmut/Pois 0%         N/A       100%        3
 Mephitic Cloud           Conj/Pois/Air  0%         N/A       100%        3
 Spider Form              Tmut/Pois      0%         N/A       100%        3
 Swiftness                Air            0%         N/A       100%        3
 Tukima's Dance           Hex            0%         N/A       100%        3
 Vampiric Draining        Necr           0%         2d6       100%        3
 Volatile Blastmotes      Fire/Tloc      0%         2d10      100%        3
 Anguish                  Hex/Necr       0%         N/A       100%        4
 Dispel Undead            Necr           0%         3d6       100%        4
 Fulminant Prism          Conj/Hex       0%         3d5       100%        4
 Iskenderun's Mystic Bla  Conj/Tloc      0%         2d3       100%        4
 Passage of Golubria      Tloc           0%         N/A       100%        4
 Sticky Flame             Conj/Fire      0%         2d3       100%        4
 Agony                    Necr           0%         N/A       100%        5
 Fireball                 Conj/Fire      0%         3d3       100%        5
 Freezing Cloud           Conj/Ice/Air   0%         6-21      100%        5
 Silence                  Hex/Air        0%         N/A       100%        5
 Yara's Violent Unravell  Hex/Tmut       0%         3d3       100%        5
 Plasma Beam              Fire/Air       0%         2x1d11    100%        6
 Starburst                Conj/Fire      0%         6d3       100%        6
 Enfeeble                 Hex            0%         N/A       100%        7
 Summon Hydra             Summ           0%         N/A       100%        7
 Ignition                 Fire           0%         3d3       100%        8


Dungeon Overview and Level Annotations

Branches:
Dungeon (15/15)            Temple (1/1) D:5            Lair (0/5) D:8
    Orc (0/2) D:12         Vaults (0/5) D:13         Depths (1/4) D:15
Ossuary (visited)          Bailey (visited)

Altars:
Ashenzari
Cheibriados
Elyvilon
Gozag
Hepliaklqana
Kikubaaqudgha
Makhleb
Nemelex Xobeh
Okawaru
Qazlal
Ru
Sif Muna
Trog
Uskayaw
Vehumet
Xom
Zin
The Shining One

Shops:
D:7 ?   D:14 !


Innate Abilities, Weirdness & Mutations

Your mind is acute. (Int +4, Str/Dex -1)
You are frail. (-10% HP)
You occasionally shout uncontrollably at your foes.
You are covered in fur. (AC +1)
Your muscles are strong. (Str +4, Int/Dex -1)
You have hidden genetic potential.


Message History

* * * LOW HITPOINT WARNING * * *
The rakshasa hits you with a +0 long sword!
* * * LOW HITPOINT WARNING * * *
A spriggan berserker comes into view. It is wielding a +0 broad axe.
You feel much better.
Visions of slaying the fire giant flood into your mind.
Your soul eater closely misses the rakshasa.
You block the spriggan rider's attack.
Your neqoxec hits the rakshasa.
The injured rakshasa weaves a defensive illusion!
A spriggan air mage comes into view.
The fire giant hits you with a +1 great sword of flaming.
* * * LOW HITPOINT WARNING * * *
The fire giant burns you.
* * * LOW HITPOINT WARNING * * *
The spriggan berserker hits your soul eater with a +2 antimagic hand axe!
Your soul eater's magic leaks into the air.
Blink to where?
Press: ? - help, Q - select action, (/) - cycle Dir - move target You can't see that place. [the floor.]
Okay, then.
Okay, then.
As you read the scroll of teleportation, it crumbles to dust.
You feel strangely unstable.
Visions of slaying the rakshasa flood into your mind.
The rakshasa gestures at your neqoxec. The lance of force hits your neqoxec!!
Your neqoxec is knocked back by the lance of force.
Your neqoxec slams into the rock wall!
Your neqoxec dies!
Your neqoxec disappears in a puff of smoke!
Your soul eater completely misses the rakshasa.
The spriggan air mage waves its arms in wide circles.
The air twists around and strikes you.
The spriggan berserker mumbles some strange prayers to Trog.
The death yak goes berserk!
You block the spriggan rider's attack. The fire giant casts a spell at you.
The bolt of fire hits you!!
You die...
Your body crumbles into a pile of gold.

..#...~~.....≈......~~~.
..#....≈≈≈≈..≈~~........
.......≈.....≈...~~~~~.
.......≈≈≈≈..≈.~......
.##.........#≈.~.##.# .
.##.........#≈~~....##.i
.#......^....≈$##......(
.........####$$$§3i..#i#
#........# #...@Ri.....
##.....### #.##RC~.Y..#
#.....######..#R≈≈.....
#.....#........≈≈.≈....
####....###....≈..≈..#.
#....>###..≈≈.#~≈≈#
#......# ##.≈##.#....
##.#...# ..≈# ≈..~~~
###...# ### ≈.


You could see a fire giant (drained), a death yak (summoned, berserk), 3
rakshasas, a spriggan rider, 2 spriggan berserkers, a spriggan air mage (repels
missiles) and a friendly soul eater (summoned, magic disrupted).

Vanquished Creatures
  Jorgrun (D:14)
  A stone giant (Depths:1)
  A very ugly thing (Depths:1)
  A merfolk javelineer (D:15)
  An ettin (Depths:1)
  A merfolk impaler (Depths:1)
  A rakshasa (D:15)
  2 hydras
  A fire dragon (Depths:1)
  A salamander tyrant (D:13)
  A jorogumo (shapeshifter) (D:15)
  2 ogre magi
  A catoblepas (D:14)
  3 centaur warriors
  A vault guard (D:13)
  Erica (D:10)
  5 two-headed ogres
  3 tengu warriors
  2 boulder beetles
  A naga warrior (D:15)
  A spriggan berserker (Depths:1)
  2 deep elf knights (D:15)
  The ghost of booth the Ruffian, a novice TrGl of Hepliaklqana (D:8)
  A skeletal warrior (D:13)
  3 spriggans (Depths:1)
  Pikel (D:7)
  2 orc knights
  2 deep elf pyromancers
  2 manticores
  5 cyclopes
  22 ugly things
  2 kobold demonologists
  2 efreet (D:13)
  4 tengu conjurers
  A troll (D:9)
  4 hornets
  4 meliai
  The ghost of booth the Chopper, an amateur DsMo (D:4)
  A raiju (shapeshifter) (D:13)
  The ghost of KittyFluff the Cudgeller, an amateur GrBe of Trog (D:3)
  10 slime creatures
  Sigmund (D:5)
  3 water elementals
  2 shadows
  4 wraiths
  A vampire (D:13)
  14 yaks
  A steam dragon (D:9)
  A fire elemental (D:13)
  The ghost of rozman the Changer, an amateur DrTm (D:3)
  6 vampire mosquitoes
  An acid dragon (D:11)
  3 water moccasins
  11 orc warriors
  3 sky beasts
  The ghost of lonewolfV2 the Trooper, an amateur MiFi (D:3)
  2 black bears
  4 ogres
  An ice beast (D:6)
  3 centaurs
  A lemure (D:7)
  6 kobold brigands (D:8)
  An elf zombie (Ossuary)
  5 bullfrogs
  A gnoll sergeant (D:5)
  2 scorpions
  4 wights (D:10)
  The ghost of Laveh the Chopper, a weakling MiBe of Trog (D:3)
  11 killer bees (D:8)
  3 howler monkeys
  6 hounds
  A hound (shapeshifter) (D:13)
  A gnoll bouda (D:4)
  A human zombie (Ossuary)
  3 jellies
  3 orc priests
  2 iguanas
  11 orc wizards
  A human simulacrum (D:11)
  2 mummies (Ossuary)
  16 gnolls
  8 adders
  3 white imps
  An ufetubus (D:4)
  A worm (D:2)
  3 dart slugs
  41 orcs
  7 endoplasms
  5 giant cockroaches
  5 gnoll zombies (Ossuary)
  27 goblins
  20 hobgoblins
  8 jackals
  4 quokkas
  9 ball pythons
  4 bats
  3 frilled lizards
  2 goblin zombies (Ossuary)
  A hobgoblin zombie (Ossuary)
  7 kobolds
  4 orc zombies (Ossuary)
  6 rats
417 creatures vanquished.

Vanquished Creatures (collateral kills)
  Frances (D:14)
  An orc warlord (Bailey)
  The ghost of SirLogeyBear the Severer, a journeyman HOBe of Trog (D:15)
  Snorg (D:10)
  A rakshasa (D:15)
  A two-headed ogre (D:15)
  A glowing orange brain (D:15)
  A cyclops (D:13)
  2 manticores (D:13)
  9 ugly things
  A deep elf pyromancer (D:13)
  A smoke demon (D:13)
  An unseen horror (D:13)
  A meliai (shapeshifter) (D:12)
  7 slime creatures
  A basilisk (D:14)
  A fire elemental (D:13)
  3 yaks (D:10)
  4 orc warriors (Bailey)
  2 centaurs
  3 kobold brigands (D:8)
  3 wights (D:10)
  A killer bee (D:8)
  An orc wizard (D:9)
  3 orcs
  A goblin (Bailey)
  5 hobgoblins
  A bat (D:9)
59 creatures vanquished.

Vanquished Creatures (others)
  A human simulacrum (D:11)
1 creature vanquished.

Grand Total: 477 creatures vanquished

Notes
Turn   | Place    | Note
-------+----------+-------------------------------------------
     0 | D:1      | fireball365 the Hill Orc Fighter began the quest for the
                  | Orb.
     0 | D:1      | Reached XP level 1. HP: 19/19 MP: 1/1
   125 | D:1      | Reached XP level 2. HP: 22/27 MP: 2/2
   709 | D:2      | Reached XP level 3. HP: 27/33 MP: 3/3
  1474 | D:2      | Got Baesamis's Papyrus of Bolts
  1507 | D:3      | Reached skill level 3 in Axes
  1682 | D:3      | Found a runed translucent gate.
  1682 | D:3      | Found a runed translucent gate.
  1682 | D:3      | Found a runed translucent gate.
  1684 | D:3      | Noticed KittyFluff's ghost (amateur GrBe)
  1689 | D:3      | Noticed rozman's ghost (amateur DrTm)
  1689 | D:3      | Noticed Laveh's ghost (weakling MiBe)
  1690 | D:3      | Noticed lonewolfV2's ghost (amateur MiFi)
  1774 | D:3      | Reached XP level 4. HP: 40/40 MP: 4/4
  2209 | D:3      | Noticed a scorpion
  2218 | D:3      | Killed a scorpion
  2219 | D:3      | Reached skill level 4 in Axes
  2219 | D:3      | Reached skill level 1 in Dodging
  2219 | D:3      | Reached XP level 5. HP: 36/47 MP: 5/5
  2439 | D:3      | Found a stormy altar of Qazlal.
  2439 | D:3      | Noticed an ogre
  2450 | D:3      | Killed an ogre
  2451 | D:3      | Reached skill level 5 in Axes
  2451 | D:3      | Reached XP level 6. HP: 6/53 MP: 6/6
  3448 | D:3      | Killed rozman's ghost
  3449 | D:3      | Reached skill level 6 in Axes
  3454 | D:3      | Killed lonewolfV2's ghost
  3455 | D:3      | Reached XP level 7. HP: 21/60 MP: 7/7
  3465 | D:3      | Killed Laveh's ghost
  3572 | D:3      | Killed KittyFluff's ghost
  3573 | D:3      | Reached skill level 5 in Fighting
  3573 | D:3      | Reached skill level 7 in Axes
  3573 | D:3      | Reached skill level 5 in Armour
  3664 | D:4      | Reached skill level 1 in Stealth
  3769 | D:4      | Reached XP level 8. HP: 61/68 MP: 8/8
  3816 | D:4      | Reached skill level 8 in Axes
  3995 | D:4      | Found a large runed translucent door.
  3996 | D:4      | Found a large runed translucent door.
  4001 | D:4      | Noticed booth's ghost (amateur DsMo)
  4783 | D:4      | Killed booth's ghost
  4784 | D:4      | Reached skill level 9 in Axes
  4873 | D:5      | Entered Level 5 of the Dungeon
  5130 | D:5      | Noticed Sigmund
  5144 | D:5      | Killed Sigmund
  5535 | D:5      | Reached XP level 9. HP: 75/75 MP: 9/9
  5541 | D:5      | Reached skill level 10 in Axes
  5543 | D:5      | Reached skill level 5 in Shields
  5690 | D:5      | Found a staircase to the Ecumenical Temple.
  5714 | Temple   | Entered the Ecumenical Temple
  5828 | Temple   | Became a worshipper of Gozag Ym Sagoz the Greedy
  6132 | D:6      | Found a sand-covered staircase.
  6138 | Ossuary  | Entered an ossuary
  6416 | D:6      | Reached skill level 11 in Axes
  6591 | D:6      | Reached skill level 12 in Axes
  6990 | D:6      | Reached XP level 10. HP: 84/86 MP: 10/10
  7271 | D:6      | Identified a scroll of acquirement
  7271 | D:6      | Acquired the +16 obsidian axe {drain, demonic, Mesm Drain
                  | Fly SInv}
  7271 | D:6      | Found the +16 obsidian axe {drain, demonic, Mesm Drain Fly
                  | SInv}
  7388 | D:7      | Found Ritu's Magic Scroll Emporium.
  7429 | D:7      | Noticed Pikel
  7441 | D:7      | Killed Pikel
  7512 | D:7      | Reached skill level 13 in Axes
  7544 | D:7      | Found a flagged portal.
  7561 | Bailey   | Entered a bailey
  7705 | Bailey   | Noticed an orc warlord
  7717 | Bailey   | Killed an orc warlord
  7718 | Bailey   | Reached skill level 14 in Axes
  7776 | Bailey   | Got the Incunable of Captivating Incandescence
  8060 | D:7      | Bought a scroll of poison for 48 gold pieces
  8060 | D:7      | Bought a scroll of enchant weapon for 90 gold pieces
  8060 | D:7      | Bought a scroll of magic mapping for 90 gold pieces
  8060 | D:7      | Bought a scroll of identify for 24 gold pieces
  8060 | D:7      | Bought a scroll of identify for 24 gold pieces
  8060 | D:7      | Bought a scroll of identify for 24 gold pieces
  8060 | D:7      | Bought a scroll of blinking for 90 gold pieces
  8065 | D:7      | Reached skill level 15 in Axes
  8065 | D:7      | Reached XP level 11. HP: 95/95 MP: 11/11
  8625 | D:8      | Found a staircase to the Lair.
  8738 | D:8      | Found a runed translucent gate.
  8738 | D:8      | Found a runed translucent gate.
  8738 | D:8      | Found a runed translucent gate.
  8755 | D:8      | Noticed booth's ghost (novice TrGl)
  8816 | D:8      | Reached XP level 12. HP: 103/103 MP: 12/12
  9214 | D:8      | Killed booth's ghost
  9215 | D:8      | Reached skill level 16 in Axes
  9567 | D:9      | Found a sacrificial altar of Ru.
  9864 | D:10     | Entered Level 10 of the Dungeon
  9906 | D:10     | Noticed Snorg
  9913 | D:10     | Killed Snorg
 10073 | D:10     | Acquired 1338 gold pieces
 10159 | D:10     | Reached skill level 10 in Armour
 10342 | D:10     | Noticed Erica
 10351 | D:10     | Killed Erica
 10352 | D:10     | Reached skill level 17 in Axes
 10694 | D:11     | Noticed a two-headed ogre
 10706 | D:11     | Killed a two-headed ogre
 10707 | D:11     | Reached skill level 10 in Fighting
 10920 | D:11     | Noticed a two-headed ogre
 10930 | D:11     | Killed a two-headed ogre
 11611 | D:12     | Found a staircase to the Orcish Mines.
 11652 | D:12     | Reached XP level 13. HP: 114/114 MP: 13/13
 11708 | D:12     | Reached skill level 18 in Axes
 12244 | D:13     | Reached skill level 5 in Stealth
 12533 | D:13     | Got the +8 demon whip "Ufikeb" {flame, Drain rPois Int+4
                  | SInv}
 12687 | D:13     | You are sucked into a shaft and drop 1 floor!
 12702 | D:14     | Found a broken altar of Ashenzari.
 12744 | D:14     | Noticed Jorgrun
 12753 | D:14     | Killed Jorgrun
 12754 | D:14     | Reached skill level 19 in Axes
 12754 | D:14     | Found Imnyit's Distillery.
 12775 | D:14     | Bought a potion of resistance for 120 gold pieces
 12775 | D:14     | Bought a potion of curing for 36 gold pieces
 12775 | D:14     | Bought a potion of resistance for 120 gold pieces
 12775 | D:14     | Bought a potion of curing for 36 gold pieces
 12775 | D:14     | Bought a potion of heal wounds for 60 gold pieces
 12860 | D:14     | Noticed Frances
 12873 | D:14     | Killed Frances
 12874 | D:14     | Reached skill level 10 in Shields
 13196 | D:14     | Reached XP level 14. HP: 126/126 MP: 14/14
 13908 | D:13     | Gained mutation: You are frail. (-10% HP) [potion of
                  | mutation]
 13908 | D:13     | Gained mutation: You have a pair of small antennae on your
                  | head. [potion of mutation]
 13908 | D:13     | Gained mutation: You expend magic power (3 MP) to
                  | strengthen your wands. [potion of mutation]
 13908 | D:13     | Gained mutation: You are somewhat resistant to further
                  | mutation. [potion of mutation]
 13910 | D:13     | Lost mutation: You expend magic power (3 MP) to strengthen
                  | your wands. [potion of mutation]
 13910 | D:13     | Lost mutation: You are somewhat resistant to further
                  | mutation. [potion of mutation]
 13910 | D:13     | Lost mutation: You have a pair of small antennae on your
                  | head. [potion of mutation]
 13910 | D:13     | Gained mutation: You are covered in fur. (AC +1) [potion of
                  | mutation]
 13910 | D:13     | Gained mutation: Your mind is acute. (Int +4, Str/Dex -1)
                  | [potion of mutation]
 13910 | D:13     | Gained mutation: You occasionally shout uncontrollably at
                  | your foes. [potion of mutation]
 13910 | D:13     | Gained mutation: You have hidden genetic potential. [potion
                  | of mutation]
 14409 | D:13     | Found a gate to the Vaults.
 14655 | D:15     | Entered Level 15 of the Dungeon
 14792 | D:15     | a boulder beetle changed into a ghost moth
 14792 | D:15     | Noticed a ghost moth (glowing shapeshifter)
 14795 | D:15     | a ghost moth changed into a jorogumo
 14903 | D:15     | Found a shimmering blue altar of Sif Muna.
 15051 | D:15     | Reached skill level 20 in Axes
 15108 | D:15     | Found a runed translucent gate.
 15108 | D:15     | Found a runed translucent gate.
 15108 | D:15     | Found a runed translucent gate.
 15109 | D:15     | Noticed SirLogeyBear's ghost (journeyman HOBe)
 15347 | D:15     | Found an iron altar of Okawaru.
 15385 | D:15     | Killed SirLogeyBear's ghost
 15421 | D:15     | Identified the +0 demon trident of Valiance {venom, rC-
                  | rN++ rCorr MP+9}
 15501 | D:15     | Reached XP level 15. HP: 87/123 MP: 15/15
 15806 | D:15     | Found a staircase to the Depths.
 15815 | Depths:1 | Entered Level 1 of the Depths
 15851 | Depths:1 | Gained mutation: Your muscles are strong. (Str +4, Int/Dex
                  | -1) [hidden potential]
 16004 | Depths:1 | Noticed a fire giant
 16015 | Depths:1 | Killed from afar by a fire giant

Illustrated notes

Levels and vault maps discovered:
D:1:      dpeg_arrival_radiant, layout_basic, chequers_mini_garden
D:2:      layout_loops_corners, minmay_pentomino_x2
D:3:      minmay_octagon_keep, layout_loops_ring,
          nicolae_qazlal_eye_of_the_storm, gammafunk_ghost_cemetery
D:4:      cheibrodos_greedy_goblins, layout_loops_cross,
          ebering_ghost_disaster_area, minmay_crossroads
D:5:      layout_basic, minmay_temple_entry_junction_2, uniq_sigmund
D:6:      layout_loops_cross, nicolae_ossuary_entry_monument,
          minmay_gold_behind_fungi
D:7:      layout_loops_corners, enter_bailey_7, serial_shops,
          nicolae_shop_tiny_real_fake_doors, kennysheep_nondescript, uniq_pikel
D:8:      layout_basic, lair_entry_dummy, gammafunk_ghost_nasty_kobolds
D:9:      layout_roguey, nicolae_ru_great_annihilating_truth,
          serial_bayou_crossing
D:10:     layout_long_grid, uniq_snorg, uniq_erica
D:11:     layout_small_grid, serial_bayou_lagoon_a, bh_circular_ruins
D:12:     layout_small_grid, orc_0_dummy
D:13:     minmay_firetagon, layout_loops_ring, david_vaults_5,
          skrybe_limestone_x, minmay_mirror_moons_of_madness
D:14:     cheibrodos_orc_bank, layout_basic, serial_shops,
          nicolae_shop_industrial_runoff, roderic_roman_lattice,
          ashenzari_altar_1, uniq_jorgrun, uniq_frances
D:15:     gammafunk_enter_depths_forms, layout_cave_pods,
          gammafunk_ghost_fury_of_okawaru, lemuel_blue_sif_altar
Temple:   nicolae_temple_slightly_damp_pantheon
Depths:1: layout_cave_pools, enter_ziggurat_c, serial_rivers,
          chequers_serial_rivers_micro_d, chequers_serial_rivers_small_b,
          chequers_serial_rivers_room_b, chequers_serial_rivers_micro_c,
          chequers_serial_rivers_micro_e, chequers_serial_rivers_room_b,
          pf_coc_iceberg, kennysheep_generic_room_7, minmay_shop_grove

Skill      XL: |  1  2  3  4  5  6  7  8  9 10 11 12 13 14 15 |
---------------+----------------------------------------------+-----
Fighting       | 4 5 6 7 8 10 12 13 14 | 14.8
Axes           | 3 4 5 6 7 9 12 15 17 19 20 | 20.7
Armour         | 4 5 6 7 9 10 11 12 13 | 13.2
Dodging        | 1 2 4 |  4.7
Shields        | 4 5 8 9 10 11 | 11.9
Stealth        | 1 4 5 6 |  6.1

Action                     |  1- 3 |  4- 6 |  7- 9 | 10-12 | 13-15 || total
---------------------------+-------+-------+-------+-------+-------++-------
  Melee: War axe           |   118 |    91 |   306 |    22 |       ||   537
         Broad axe         |       |       |       |   209 |   365 ||   574
    Use: Scroll            |       |    10 |     6 |    12 |     6 ||    34
         Potion            |       |       |     2 |     2 |     7 ||    11
   Stab: Distracted        |       |       |       |     7 |    12 ||    19
         Paralysed         |       |       |       |     1 |       ||     1
 Armour: Scale mail        |    78 |    26 |    31 |       |       ||   135
         Plate armour      |       |       |    98 |    69 |   197 ||   364
  Dodge: Dodged            |   101 |    58 |   204 |   108 |   157 ||   628
  Block: Buckler           |    29 |    22 |    74 |       |       ||   125
         Kite shield       |       |       |    11 |   123 |   227 ||   361
